 Dungeon Crawl Stone Soup version 0.17-a0-1753-g75d4604 (webtiles) character file.

142 shakdrar the Ruffian (level 5, -15/33 HPs)
             Began as a Gargoyle Monk on Sept 2, 2015.
             Was a Believer of Trog.
             Demolished by an ogre
             ... wielding a +0 giant club
              (19 damage)
             ... on level 3 of the Dungeon.
             The game lasted 00:12:15 (3326 turns).

shakdrar the Ruffian (Gargoyle Monk)                Turns: 3326, Time: 00:12:16

Health: -15/33     AC:  8    Str: 15    XL:     5   Next: 24%
Magic:  5/5        EV: 13    Int: 11    God:    Trog [**....]
Gold:   177        SH:  0    Dex: 12    Spells: 0 memorised, 4 levels left

rFire  . . .     SeeInvis .       - Unarmed
rCold  . . .     Clarity  .     a - +0 robe
rNeg   + . .     SustAt   .     (no shield)
rPois  ∞         Gourm    .     (no helmet)
rElec  +         Spirit   .     (no cloak)
rCorr  .         Warding  .     (no gloves)
rMut   .         Stasis   .     f - +1 pair of boots
MR     .....                    (no amulet)
Stlth  ++........               (no ring)
                                (no ring)

@: very slightly contaminated, not resistant to hostile enchantments, unstealthy
A: negative energy resistance 1, electricity resistance, unbreathing,
petrification resistance, rot immunity, AC +4
a: Burn Spellbooks, Berserk, Trog's Hand, Renounce Religion


You were on level 3 of the Dungeon.
You worshipped Trog.
Trog was pleased with you.
You were hungry.

You visited 1 branch of the dungeon, and saw 4 of its levels.

You collected 177 gold pieces.

Inventory:

Hand weapons
 i - a +0 blowgun
Missiles
 h - 26 poisoned needles
Armour
 a - a +0 robe (worn)
 f - a +1 pair of boots (worn)
Jewellery
 p - an uncursed ring of flight
Scrolls
 c - 2 scrolls of identify
 d - 3 scrolls of enchant weapon
 g - a scroll of teleportation
 j - a scroll of fog
Potions
 e - 3 potions of agility
 l - a potion of flight
Comestibles
 b - 2 bread rations
 k - a royal jelly
 n - a meat ration


   Skills:
 + Level 4.0 Fighting
 + Level 3.3 Dodging
 + Level 2.9 Stealth
 + Level 5.0 Unarmed Combat


You had 4 spell levels left.
You didn't know any spells.

Dungeon Overview and Level Annotations

Branches:
Dungeon (4/15)
 Temple: D:4-7

Altars:
Elyvilon
Trog


Innate Abilities, Weirdness & Mutations

You are resistant to torment.
Your stone body is resilient (AC +4).
You are immune to poison.
You resist negative energy.
You are resistant to electric shocks.
You can survive without breathing.
You are immune to petrification.
You are immune to rotting.


Message History

There is a stone staircase leading up here.
The ogre hits you but does no damage.
You climb upwards.
There is a stone staircase leading down here.
You hit the ogre.
The ogre is moderately wounded.
You are feeling hungry.
You hit the ogre but do no damage.
The ogre is moderately wounded.
The ogre hits you with a giant club!!
Ouch! That really hurt!
You hit the ogre.
The ogre is heavily wounded.
The ogre hits you with a giant club!
* * * LOW HITPOINT WARNING * * *
You barely miss the ogre.
The ogre is heavily wounded.
The ogre hits you with a giant club!!
Ouch! That really hurt!
You die...

#.........##........_.###...#####
####.#.######.........# ##.##
#.### ##.......## #.# #.#
##...#### #.# ##.## ##'## #.#
#.#<# #.# #.# ###..####### #.#
#.# ...........# ###.## #.#
.##...####.# #..@O## #.#
.##.....##.###.#...# #.#
.##.....##.#...#...# #.#
.###....##.#.#####.#######.#
.............).#...........#
####.#####.###.#.###########
#.#####.# #...# #.......# #####
#########


You could see an ogre.

Vanquished Creatures
  A hound (D:3)
  3 adders (D:3)
  6 worms
  3 giant geckos
  3 orcs
  2 ball pythons
  7 giant cockroaches
  2 goblins
  5 hobgoblins
  8 jackals
  10 kobolds
  2 quokkas
  4 bats
  4 giant newts
  3 rats
63 creatures vanquished.

Notes
Turn   | Place    | Note
--------------------------------------------------------------
     0 | D:1      | shakdrar the Gargoyle Monk began the quest for the Orb.
     0 | D:1      | Reached XP level 1. HP: 14/14 MP: 1/1
   276 | D:1      | Reached XP level 2. HP: 16/19 MP: 2/2
  1268 | D:2      | Reached XP level 3. HP: 16/23 MP: 3/3
  1527 | D:2      | Found a faded altar to an unknown god.
  1915 | D:2      | You fall through a shaft!
  1915 | D:3      | Found a bloodstained altar of Trog.
  1943 | D:3      | Reached XP level 4. HP: 20/29 MP: 4/4
  1981 | D:3      | Became a worshipper of Trog the Wrathful
  1981 | D:3      | Acquired Trog's first power
  1981 | D:3      | Acquired Trog's second power
  2463 | D:3      | Found a white marble altar of Elyvilon.
  2535 | D:3      | Reached XP level 5. HP: 30/33 MP: 5/5
  2594 | D:3      | Found a glowing drain.
  2625 | D:3      | Reached skill level 5 in Unarmed Combat
  3311 | D:4      | Noticed an ogre
  3314 | D:4      | Noticed a phantom
  3326 | D:3      | Demolished by an ogre

Vault maps used:
D:1:      lightli_arrival_farm
D:2:      ecumenical_altar_2, first_bread
D:3:      bloody_trog, old_standard_altar, portal_sewer_entry_f
D:4:      lemuel_round_altar, minmay_close_crescents

Action                   |  1- 3 |  4- 6 || total
-------------------------+-------+-------++-------
Melee: Unarmed           |   114 |   117 ||   231
  Use: Scroll            |     3 |     7 ||    10
       Potion            |     3 |     5 ||     8
 Stab: Sleeping          |     4 |     2 ||     6
  Eat: Chunk             |     2 |     1 ||     3
       Bread ration      |     1 |       ||     1
